 Dungeon Crawl Stone Soup version 0.30-a0-743-gbfdf073431 (webtiles) character file.

Game seed: 16148426913979573983

273064 timneilson the Tortoise (level 20, -19/124 HPs)
             Began as a Gargoyle Fighter on Feb 5, 2023.
             Was the Champion of Okawaru.
             Killed from afar by a frost giant (33 damage)
             ... with a bolt of cold
             ... on level 2 of the Depths.
             The game lasted 01:45:47 (28849 turns).

timneilson the Tortoise (Gargoyle Fighter)         Turns: 28849, Time: 01:45:47

Health: -19/124    AC: 45    Str: 21    XL:     20   Next: 28%
Magic:  23/28      EV: 16    Int: 11    God:    Okawaru [******]
Gold:   2140       SH: 22    Dex: 21    Spells: 19/19 levels left

rFire   . . .      SeeInvis .    Q - +9 double sword (vamp)
rCold   . . .      Faith    .    X - +0 tower shield
rNeg    + . .      Spirit   .    B - +0 plate armour
rPois   ∞          Reflect  .    P - +1 helmet
rElec   +          Harm     .    i - +1 cloak {rCorr}
rCorr   +          Rampage  .    N - +2 pair of gloves {hurl}
Will    +....                    j - +1 pair of boots of Xykom {+Inv rCorr Stlth-} Stlth
                                 b - amulet of regeneration
HPRegen 1.20/turn                o - +5 ring of evasion
MPRegen 0.21/turn                s - +6 ring of dexterity

@: flying, hasted, studying Maces & Flails, very quick
A: sickness immunity, AC +15, big wings, negative energy resistance 1,
electricity resistance, torment resistance 1, petrification resistance
}: 2/15 runes: decaying, serpentine
a: Renounce Religion, Evoke Invisibility, Heroism, Finesse, Duel


You were on level 2 of the Depths.
You worshipped Okawaru.
Okawaru was exalted by your worship.
You visited 7 branches of the dungeon, and saw 33 of its levels.

You collected 3277 gold pieces.
You spent 1137 gold pieces at shops.

Inventory:

Hand Weapons
 z - a +2 double sword of venom
 Q - a +9 vampiric double sword (weapon)
 T - a +3 scimitar of flaming
Missiles
 c - 4 throwing nets (quivered)
Armour
 i - a +1 cloak of preservation (worn)
 j - the +1 pair of boots of Xykom (worn) {+Inv rCorr Stlth-}
   (Okawaru gifted it to you on level 2 of the Snake Pit)

   +Inv:      It lets you turn invisible.
   rCorr:     It protects you from acid and corrosion.
   Stlth:     It makes you less stealthy.
 B - a +0 plate armour (worn)
 N - a +2 pair of gloves of hurling (worn)
 P - a +1 helmet (worn)
 X - a +0 tower shield (worn)
Jewellery
 a - a ring of positive energy
 b - an amulet of regeneration (around neck)
 l - the ring of Usinase {Fly rC- rN++ Will+ Slay+3}
   (You found it on level 3 of the Snake Pit)

   [ring of willpower]

   Slay:      It affects your accuracy & damage with ranged weapons and melee
   (+3).
   rC:        It makes you vulnerable to cold.
   rN:        It greatly protects you from negative energy.
   Fly:       It grants you flight.
   Will:      It increases your willpower.
 m - a ring of protection from cold
 o - a +5 ring of evasion (left hand)
 s - a +6 ring of dexterity (right hand)
 E - a ring of fire
 H - a ring of willpower
 R - a ring of fire
Wands
 d - a wand of roots (30)
 e - a wand of polymorph (15)
 n - a wand of paralysis (7)
 r - a wand of light (14)
 L - a wand of flame (32)
 M - a wand of mindburst (12)
Scrolls
 f - 6 scrolls of fog
 q - a scroll of magic mapping
 t - a scroll of poison
 v - 21 scrolls of teleportation
 w - 4 scrolls of amnesia
 y - 9 scrolls of identify
 C - 3 scrolls of silence
 F - 5 scrolls of enchant armour
 J - 4 scrolls of enchant weapon
 U - 4 scrolls of fear
Potions
 g - 9 potions of brilliance
 h - 12 potions of mutation
 k - 10 potions of curing
 p - a potion of resistance
 u - 5 potions of ambrosia
 x - 5 potions of haste
 A - 3 potions of cancellation
 D - 4 potions of might
 I - 4 potions of heal wounds
 S - 3 potions of magic
 V - 2 potions of attraction
Miscellaneous
 G - a tin of tremorstones (2/2)


   Skills:
 + Level 13.1 Fighting
 * Level 15.2 Long Blades
 * Level 18.0 Armour
 + Level 10.0 Dodging
 * Level 18.0 Shields
 + Level 11.8 Invocations
 + Level 10.6 Evocations


You had 19 spell levels left.
You didn't know any spells.
Your spell library contained the following spells:

 Spells                   Type           Power      Damage    Failure   Level
 Apportation              Tloc           0%         N/A       100%        1
 Beastly Appendage        Tmut           0%         N/A       100%        1
 Freeze                   Ice            0%         1d3       100%        1
 Magic Dart               Conj           0%         1d3       100%        1
 Necrotise                Necr           0%         1d4       100%        1
 Slow                     Hex            0%         N/A       100%        1
 Blink                    Tloc           0%         N/A       100%        2
 Ensorcelled Hibernation  Hex/Ice        0%         N/A       100%        2
 Lesser Beckoning         Tloc           0%         N/A       100%        2
 Momentum Strike          Conj/Tloc      0%         3d8       100%        2
 Poisonous Vapours        Pois/Air       0%         N/A       100%        2
 Scorch                   Fire           0%         2d5       100%        2
 Searing Ray              Conj           0%         2d4       100%        2
 Static Discharge         Conj/Air       0%         2-2/arc   100%        2
 Wereblood                Tmut           0%         N/A       100%        2
 Confusing Touch          Hex            0%         N/A       100%        3
 Dazzling Flash           Conj/Hex       0%         N/A       100%        3
 Frozen Ramparts          Ice            0%         1d1       100%        3
 Hailstorm                Conj/Ice       0%         3d3       100%        3
 Portal Projectile        Hex/Tloc       0%         N/A       100%        3
 Spider Form              Tmut/Pois      0%         N/A       100%        3
 Stone Arrow              Conj/Erth      0%         3d7       100%        3
 Vampiric Draining        Necr           0%         2d6       100%        3
 Vhi's Electric Charge    Tloc/Air       0%         N/A       100%        3
 Anguish                  Hex/Necr       0%         N/A       100%        4
 Dispel Undead            Necr           0%         3d6       100%        4
 Flame Wave               Conj/Fire      0%         2d4       100%        4
 Fulminant Prism          Conj/Hex       0%         3d5       100%        4
 Ice Form                 Ice/Tmut       0%         N/A       100%        4
 Iskenderun's Mystic Bla  Conj/Tloc      0%         2d3       100%        4
 Leda's Liquefaction      Hex/Erth       0%         N/A       100%        4
 Olgreb's Toxic Radiance  Pois           0%         N/A       100%        4
 Passage of Golubria      Tloc           0%         N/A       100%        4
 Agony                    Necr           0%         N/A       100%        5
 Alistair's Intoxication  Tmut/Pois      0%         N/A       100%        5
 Arcjolt                  Conj/Air       0%         1d10      100%        5
 Borgnjor's Vile Clutch   Necr/Erth      0%         N/A       100%        5
 Freezing Cloud           Conj/Ice/Air   0%         6-21      100%        5
 Lightning Bolt           Conj/Air       0%         1d11      100%        5
 Silence                  Hex/Air        0%         N/A       100%        5
 Eringya's Noxious Bog    Tmut/Pois      0%         N/A       100%        6
 Starburst                Conj/Fire      0%         6d3       100%        6
 Ozocubu's Refrigeration  Ice            0%         4d7       100%        7
 Storm Form               Tmut/Air       0%         N/A       100%        7
 Ignition                 Fire           0%         3d3       100%        8
 Lehudib's Crystal Spear  Conj/Erth      0%         10d2      100%        8
 Maxwell's Capacitive Co  Air            0%         ∞         100%        8
 Polar Vortex             Ice            0%         N/A       100%        9
 Cigotuvi's Dreadful Rot  Necr/Pois/Air  Unusable   N/A       N/A         2
 Call Canine Familiar     Summ           Unusable   N/A       N/A         3
 Animate Armour           Summ/Erth      Unusable   N/A       N/A         4
 Summon Ice Beast         Ice/Summ       Unusable   N/A       N/A         4
 Summon Lightning Spire   Summ/Air       Unusable   N/A       N/A         4
 Death Channel            Necr           Unusable   N/A       N/A         6
 Simulacrum               Ice/Necr       Unusable   N/A       N/A         6
 Summon Cactus Giant      Summ           Unusable   N/A       N/A         6

Dungeon Overview and Level Annotations

Branches:
Dungeon (15/15)            Temple (1/1) D:7            Lair (5/5) D:9
  Swamp (4/4) Lair:2        Snake (4/4) Lair:2        Slime (0/5) Lair:4
    Orc (2/2) D:10            Elf (0/3) Orc:2        Vaults (0/5) D:14
 Depths (1/4) D:15

Altars:
Cheibriados
Dithmenos
Elyvilon
Fedhas
Makhleb
Okawaru
Ru
Trog
Wu Jian
Xom
Yredelemnul
Zin
The Shining One
Jiyva

Shops:
D:2 !(**   D:5 (   D:7 *   D:12 [   Orc:2 [?[?(   Snake:2 **   Depths:1 (

Portals:
Hell: Depths:1
Abyss: Depths:1
Trove: D:10 (give 8 scrolls of blinking)


Innate Abilities, Weirdness & Mutations

You are immune to sickness and miasma.
Your stone body is resilient. (AC +15)
You are immune to poison.
Your large and strong wings let you fly.
You resist negative energy. (rN+)
You are resistant to electric shocks. (rElec)
You are resistant to unholy torment.
You are immune to petrification.


Message History

A white ugly thing comes into view.
A white very ugly thing comes into view.
The spriggan berserker mumbles some strange prayers to Trog.
The polar bear goes berserk!
The stone giant throws a large rock.
The large rock hits you.
A frost giant comes into view.
It is wielding a +2 battleaxe of freezing.
You block the fire giant's attack.
The elephant rages.
The frost giant shouts!
The white very ugly thing gurgles horribly!
The white very ugly thing trunk-slaps you but does no damage.
A white very ugly thing comes into view.
The fire giant points at you and mumbles some strange words.
The bolt of fire hits you!! You block the polar bear's attack. x2
The polar bear claws you but does no damage.
The spriggan berserker mumbles some strange prayers to Trog.
The spriggan berserker goes berserk!
The elephant tramples you but does no damage.
The elephant closely misses you.
The stone giant throws a large rock.
You block the large rock. The polar bear barely misses you.
You block the polar bear's attack. x2
The polar bear bites you but does no damage.
You block the polar bear's attack. x2
You hear a horrible gurgling sound!
You block the spriggan berserker's attack.
The spriggan berserker attacks as you move away!
The spriggan berserker hits you with a +2 antimagic broad axe!!
* * * LOW HITPOINT WARNING * * *
You feel your power leaking away. The elephant attacks as you move away!
You block the elephant's attack. x2
The stone giant hits you but does no damage.
The frost giant gestures at you while chanting.
The bolt of cold hits you!
* * * LOW HITPOINT WARNING * * *
You block the spriggan berserker's attack.
The frost giant gestures at you while chanting.
The bolt of cold hits the polar bear!
The polar bear resists.
The bolt of cold hits you!!
You die...

,,,,,,,,,,,,,,,,*,*,*,,,**,..≈§,,
,,,,,,,,,,,,..#.*,*,******..§≈≈u*
,<,,,,,,,,**#...*,**,,,,,+..≈≈≈.*
,,,,,,,,,.*##...#+########...§..*
,,,,,,,,,..#§.#........u....§≈≈.*
,~,,,,,,,...............Q...§§≈.*
~,~,,,,,,,§≈≈≈.≈............§≈≈.,
,,~,,,,,,~~~§≈≈§...Cu...$....≈≈.*
,,,,,,,,,~~~~§§§@Y..C.C......§..*
*,,,,,,,~~~~~§§≈§.i.u........≈..*
*,,,,,,,~~~~≈§§§§.h.........§§..*
*,,,,,,,,,,~≈≈.≈............§≈≈.,
,,,,,,,,,,,≈§......C........§§..,
**,,,,,,,,§≈§.....§.............,
*,,,,,,,,,...........#..........,
*,,,,,,,,,...........#..........,
,,,,,,,,,*,,,,,,,,,,,**,,,,,,,,,,


You could see a frost giant, 3 very ugly things, a fire giant, 2 stone giants,
an elephant (summoned, berserk), a spriggan berserker (berserk) and a polar bear
(summoned, berserk).

Vanquished Creatures
  Vashnia (Snake:4)
  Nikola (Swamp:1)
  Rupert (Orc:2)
  Mlioglotl (Snake:2)
  Jorgrun (D:15)
  Kirke (Snake:4)
  Gastronok (Lair:3)
  A tengu reaver (D:14)
  A fire giant (D:14)
  9 nagarajas
  A frost giant (D:14)
  A ghoul (Swamp:3)
  The ghost of iguanaiguana the Fencer, a journeyman MeDe of Gozag (Orc:2)
  An orc warlord (Orc:2)
  3 stone giants
  The ghost of jimonade the Marksant, a journeyman FoHu of Okawaru (Lair:5)
  4 very ugly things (Depths:1)
  Nessos (Lair:3)
  5 eleionomae (Swamp:3)
  Azrael (D:14)
  8 bunyips
  A minotaur (Lair:5)
  Snorg (D:12)
  3 ettins
  Josephine (D:10)
  5 fire dragons
  2 shambling mangroves (Swamp:3)
  An ice dragon (Depths:1)
  A rakshasa (D:15)
  20 hydras
  Erica (D:11)
  A merfolk avatar (Lair:5)
  5 vault guards
  A spriggan air mage (Depths:1)
  4 catoblepae
  2 ghost crabs
  15 naga warriors
  4 centaur warriors
  An ogre mage (D:14)
  8 anacondas
  A tengu warrior (D:13)
  14 alligators
  2 deep troll earth magi (D:14)
  2 two-headed ogres (D:7)
  3 orc high priests (Orc:2)
  2 boulder beetles
  A death knight (D:15)
  3 death yaks
  4 shock serpents
  A vampire mage (Depths:1)
  A spriggan berserker (Depths:1)
  9 spriggans
  15 naga sharpshooters
  7 hell knights
  Urug (D:12)
  Sonja (D:10)
  A skeletal warrior (D:15)
  A fire crab (Lair:4)
  7 salamander mystics
  A storm dragon skeleton (Depths:1)
  7 goliath frogs
  A spriggan druid (Swamp:3)
  3 flayed ghosts
  6 lindwurms
  The ghost of browni3141 the Covert, a novice FeNe of Ashenzari (D:10)
  A sea snake (Lair:4)
  12 bog bodies
  A wizard (D:14)
  10 swamp dragons
  2 necromancers (D:15)
  A phantasmal warrior (D:15)
  A golden dragon skeleton (Depths:1)
  Pikel (D:6)
  2 harpies (Lair:5)
  A deep elf pyromancer (D:14)
  5 orc knights
  9 naga ritualists
  18 mana vipers
  A fire giant zombie (D:15)
  A stone giant zombie (D:15)
  2 oklob plants
  5 cyclopes
  3 ugly things
  4 orc sorcerers
  17 salamanders
  6 will-o-the-wisps
  8 manticores
  3 guardian serpents
  Joseph (D:7)
  A stone giant skeleton (Depths:1)
  7 elephants
  A torpor snail (Lair:5)
  15 naga magi
  41 black mambas
  A molten gargoyle (Swamp:4)
  2 gargoyles
  16 cane toads
  3 rime drakes
  3 freezing wraiths (D:14)
  A kobold demonologist (D:11)
  4 yaktaurs
  3 efreet (D:14)
  17 komodo dragons
  6 trolls
  A guardian mummy (D:15)
  A wind drake (shapeshifter) (D:14)
  7 polar bears
  A shadow dragon simulacrum (Depths:1)
  16 hornets
  11 tyrant leeches
  Prince Ribbit (D:8)
  27 blink frogs
  A raiju (shapeshifter) (D:15)
  A snapping turtle (Lair:5)
  7 slime creatures
  2 spriggan skeletons (D:15)
  9 wraiths
  Eustachio (D:4)
  Grum (D:10)
  48 yaks
  A vampire (D:11)
  3 fire elementals (D:14)
  7 wyverns
  A culicivora (shapeshifter) (D:14)
  2 basilisks
  5 hogs (Snake:4)
  13 vampire mosquitoes
  4 steam dragons
  Edmund (D:6)
  Menkaure (D:6)
  10 swamp worms
  4 acid dragons
  67 nagas
  5 wargs
  15 water moccasins
  Duvessa (D:4)
  2 hell hounds (D:14)
  A floating eye (Depths:1)
  11 swamp drakes
  25 orc warriors
  A black bear (shapeshifter) (D:13)
  A boggart (shapeshifter) (D:15)
  2 black bears
  25 wolves
  4 centaurs
  5 ogres
  A lemure (D:6)
  Blork the orc (D:4)
  2 kobold brigands
  3 gnoll sergeants (D:11)
  4 scorpions
  9 bullfrogs
  8 necrophages
  6 wights
  Dowan (D:4)
  9 killer bees
  2 electric eels (D:10)
  4 crimson imps (D:10)
  3 howler monkeys
  2 jellies (D:5)
  A hound (D:2)
  13 orc priests
  Crazy Yiuf (D:4)
  A gnoll bouda (D:7)
  Ijyb (D:5)
  6 iguanas
  17 orc wizards
  Robin (D:4)
  9 gnolls
  6 adders
  3 white imps
  4 ufetubi (D:5)
  5 worms
  3 dart slugs
  72 orcs
  6 bats
  7 endoplasms
  5 giant cockroaches
  16 goblins
  9 hobgoblins
  2 jackals (D:3)
  19 kobolds
  7 quokkas
  9 ball pythons
  5 frilled lizards
  5 rats
  A butterfly (Lair:1)
1094 creatures vanquished.

Vanquished Creatures (others)
  4 bloated husks
  A steam dragon (Swamp:4)
  A golden eye (shapeshifter) (D:14)
  A naga (Snake:2)
  2 swamp drakes (Swamp:4)
  32 foxfires
  24 fungi
  43 plants
  5 withered plants (D:15)
113 creatures vanquished.

Grand Total: 1207 creatures vanquished

Notes
Turn   | Place    | Note
-------+----------+-------------------------------------------
     0 | D:1      | timneilson the Gargoyle Fighter began the quest for the
                  | Orb.
     0 | D:1      | Reached XP level 1. HP: 14/14 MP: 1/1
    78 | D:1      | Reached XP level 2. HP: 18/19 MP: 2/2
   390 | D:1      | Reached XP level 3. HP: 23/23 MP: 3/3
   967 | D:2      | Found Jeutin's Weapon Emporium.
   991 | D:2      | Reached XP level 4. HP: 27/28 MP: 4/4
  1124 | D:2      | Reached skill level 1 in Dodging
  1137 | D:2      | Found Buqock's Assorted Antiques.
  1200 | D:2      | Found Ezasen's Distillery.
  1280 | D:2      | Reached XP level 5. HP: 23/33 MP: 5/5
  1351 | D:2      | Found Desij's General Store.
  1801 | D:3      | Found a faded altar of an unknown god.
  1980 | D:4      | Noticed Eustachio
  2023 | D:4      | Killed Eustachio
  2024 | D:4      | Reached XP level 6. HP: 17/38 MP: 6/6
  2092 | D:4      | Found a runed translucent door.
  2093 | D:4      | Noticed Crazy Yiuf
  2200 | D:4      | Reached skill level 5 in Shields
  2205 | D:4      | Found a glowing golden altar of the Shining One.
  2205 | D:4      | Found a glowing silver altar of Zin.
  2205 | D:4      | Noticed Duvessa
  2205 | D:4      | Noticed Dowan
  2227 | D:4      | Killed Duvessa
  2228 | D:4      | Reached skill level 5 in Armour
  2228 | D:4      | Reached XP level 7. HP: 38/43 MP: 7/7
  2228 | D:4      | Killed Dowan
  2229 | D:4      | Found a white marble altar of Elyvilon.
  2287 | D:4      | Noticed Robin
  2323 | D:4      | Killed Robin
  2323 | D:4      | Noticed Blork the orc
  2346 | D:4      | Killed Blork the orc
  2721 | D:4      | Killed Crazy Yiuf
  2759 | D:5      | Entered Level 5 of the Dungeon
  2851 | D:5      | Noticed a yak
  2885 | D:5      | Killed a yak
  2886 | D:5      | Reached skill level 1 in Evocations
  2886 | D:5      | Reached XP level 8. HP: 40/48 MP: 8/8
  3008 | D:5      | Noticed Ijyb
  3008 | D:5      | Paralysed by Ijyb for 4 turns
  3024 | D:5      | Paralysed by Ijyb for 2 turns
  3027 | D:5      | Paralysed by Ijyb for 3 turns
  3043 | D:5      | Paralysed by Ijyb for 2 turns
  3047 | D:5      | Killed Ijyb
  3055 | D:5      | Found Corust's Antique Weapon Shoppe.
  3318 | D:5      | Found a basalt altar of Yredelemnul.
  3560 | D:5      | Reached skill level 5 in Fighting
  4000 | D:6      | Reached skill level 5 in Long Blades
  4057 | D:6      | Noticed Edmund
  4112 | D:6      | Killed Edmund
  4113 | D:6      | Reached XP level 9. HP: 54/54 MP: 9/9
  4169 | D:6      | Noticed Pikel
  4169 | D:6      | Noticed Menkaure
  4228 | D:6      | Killed Pikel
  4248 | D:6      | Killed Menkaure
  4697 | D:7      | Found Puekeolu's General Store.
  4705 | D:7      | Noticed a gargoyle
  4705 | D:7      | Found the +6 shillelagh "Devastator" {shatter}
  4735 | D:7      | Killed a gargoyle
  4746 | D:7      | Noticed a two-headed ogre
  4764 | D:7      | Found an iron altar of Okawaru.
  4772 | D:7      | Became a worshipper of Warmaster Okawaru
  4802 | D:7      | Killed a two-headed ogre
  4803 | D:7      | Reached skill level 1 in Invocations
  4803 | D:7      | Reached XP level 10. HP: 54/60 MP: 10/10
  4936 | D:7      | Reached * piety under Okawaru
  5196 | D:7      | Found a staircase to the Ecumenical Temple.
  5202 | Temple   | Entered the Ecumenical Temple
  5219 | D:7      | Noticed a two-headed ogre
  5232 | D:7      | Killed a two-headed ogre
  5362 | D:7      | Noticed Joseph
  5385 | D:7      | Killed Joseph
  5691 | D:7      | Reached ** piety under Okawaru
  5947 | D:8      | Noticed Prince Ribbit
  5973 | D:8      | Killed Prince Ribbit
  6505 | D:9      | Reached *** piety under Okawaru
  6554 | D:9      | Found a staircase to the Lair.
  6663 | D:9      | Reached XP level 11. HP: 66/66 MP: 13/13
  6821 | D:9      | Found a bloodstained altar of Trog.
  7127 | D:10     | Entered Level 10 of the Dungeon
  7150 | D:10     | Noticed Sonja
  7220 | D:10     | Found a staircase to the Orcish Mines.
  7225 | D:10     | Killed Sonja
  7225 | D:10     | Reached **** piety under Okawaru
  7411 | D:2      | Bought the +7 Throatcutter {drain, coup de grace} for 531
                  | gold pieces
  7411 | D:2      | Found the +7 Throatcutter {drain, coup de grace}
  7658 | D:10     | Found a runed translucent door.
  7658 | D:10     | Noticed browni3141's ghost (novice FeNe)
  7658 | D:10     | Found the +5 demon whip "Spellbinder" {antimagic, disrupt,
                  | Will+}
  7685 | D:10     | Noticed a vault guard
  7697 | D:10     | Killed a vault guard
  7701 | D:10     | Found a portal to a secret trove of treasure.
  7754 | D:10     | Noticed Grum
  7771 | D:10     | Killed Grum
  7889 | D:10     | Found a sacrificial altar of Ru.
  7889 | D:10     | Found a blossoming altar of Fedhas.
  7914 | D:10     | Noticed Josephine
  7936 | D:10     | Killed Josephine
  7955 | D:10     | Reached ***** piety under Okawaru
  8032 | D:10     | Found a shimmering altar of Xom.
  8213 | D:10     | Reached skill level 10 in Armour
  8213 | D:10     | Reached skill level 10 in Shields
  8594 | D:11     | Noticed Erica
  8619 | D:11     | Killed Erica
  8620 | D:11     | Reached skill level 5 in Dodging
  8689 | D:11     | Reached skill level 5 in Evocations
  8696 | D:11     | Reached XP level 12. HP: 72/72 MP: 15/15
  8801 | D:11     | Reached ****** piety under Okawaru
  8832 | D:11     | Received a gift from Okawaru
  9003 | D:11     | Identified the +2 scale mail "Ymuigauq" {Harm rF+ Str-4
                  | Int+4}
  9282 | D:11     | Reached skill level 5 in Invocations
  9713 | D:12     | Noticed Snorg
  9741 | D:12     | Killed Snorg
  9795 | D:12     | Noticed Urug
  9812 | D:12     | Killed Urug
  9970 | D:12     | Found Dan Seel's Antique Armour Emporium.
 10256 | D:13     | Noticed a centaur warrior
 10279 | D:13     | Killed a centaur warrior
 10279 | D:13     | Received a gift from Okawaru
 10304 | D:13     | Noticed a boulder beetle
 10329 | D:13     | Killed a boulder beetle
 10347 | D:13     | Noticed a catoblepas
 10363 | D:13     | Killed a catoblepas
 10610 | Lair:1   | Entered Level 1 of the Lair of Beasts
 10644 | Lair:1   | Reached XP level 13. HP: 79/79 MP: 17/17
 11707 | Lair:2   | Found a staircase to the Swamp.
 12018 | Lair:2   | Reached skill level 10 in Long Blades
 12250 | Lair:2   | Found a staircase to the Snake Pit.
 12263 | Lair:2   | Identified the +0 pair of boots of Deon Duwk {*Slow Will++
                  | Regen+ MP+9} (Okawaru gifted it to you on level 2 of the
                  | Lair of Beasts)
 12263 | Lair:2   | Received a gift from Okawaru
 12373 | Lair:2   | Identified the +2 robe of Happiness {rElec Str+5 Int-5}
 12536 | Lair:3   | Noticed Nessos
 12565 | Lair:3   | Killed Nessos
 12721 | Lair:3   | Noticed Gastronok
 12740 | Lair:3   | Killed Gastronok
 12779 | Lair:3   | Gained mutation: Your large and strong wings let you fly.
                  | [Gargoyle growth]
 12779 | Lair:3   | Reached XP level 14. HP: 79/86 MP: 19/19
 13570 | Lair:4   | Found a staircase to the Slime Pits.
 13571 | Lair:4   | Found a viscous altar of Jiyva.
 14084 | Lair:4   | Received a gift from Okawaru
 14146 | Lair:5   | Entered Level 5 of the Lair of Beasts
 14774 | Lair:5   | Identified the +1 robe of Amorality {-Cast Fly Str+8 Int-5}
                  | (Okawaru gifted it to you on level 5 of the Lair of Beasts)
 14774 | Lair:5   | Received a gift from Okawaru
 14779 | Lair:5   | Found a runed translucent gate.
 14780 | Lair:5   | Found a runed translucent gate.
 14781 | Lair:5   | Found a runed translucent gate.
 14786 | Lair:5   | Noticed jimonade's ghost (journeyman FoHu)
 15008 | Lair:5   | Reached skill level 10 in Fighting
 15008 | Lair:5   | Reached XP level 15. HP: 83/92 MP: 20/20
 15488 | Orc:1    | Entered Level 1 of the Orcish Mines
 15863 | Orc:2    | Entered Level 2 of the Orcish Mines
 15869 | Orc:2    | Noticed Rupert
 15883 | Orc:2    | Killed Rupert
 16059 | Orc:2    | Found Wixoseh's Antique Armour Shoppe.
 16077 | Orc:2    | Found a runed translucent gate.
 16077 | Orc:2    | Found a runed translucent gate.
 16077 | Orc:2    | Found a runed translucent gate.
 16082 | Orc:2    | Noticed iguanaiguana's ghost (journeyman MeDe)
 16238 | Orc:2    | Found a staircase to the Elven Halls.
 16285 | Orc:2    | Paralysed by an orc sorcerer for 2 turns
 16344 | Orc:2    | Found Haeff's Magic Scroll Shop.
 16344 | Orc:2    | Found Inkuc's Antique Weapon Shoppe.
 16346 | Orc:2    | Found Benidghoy's Magic Scroll Shoppe.
 16346 | Orc:2    | Found Nikoic's Antique Armour Shop.
 16357 | Orc:2    | Bought a scroll of identify for 34 gold pieces
 16357 | Orc:2    | Bought a scroll of fear for 68 gold pieces
 16357 | Orc:2    | Bought a scroll of identify for 34 gold pieces
 16357 | Orc:2    | Bought a scroll of blinking for 127 gold pieces
 16357 | Orc:2    | Bought a scroll of teleportation for 51 gold pieces
 16360 | Orc:2    | Bought a scroll of teleportation for 42 gold pieces
 16360 | Orc:2    | Bought a scroll of silence for 133 gold pieces
 16360 | Orc:2    | Bought a scroll of fear for 56 gold pieces
 16360 | Orc:2    | Bought a scroll of identify for 28 gold pieces
 16362 | Orc:2    | Reached XP level 16. HP: 98/98 MP: 18/22
 16824 | D:10     | Killed browni3141's ghost
 17013 | D:13     | Identified the +0 scimitar "Ekabb" {flame, rElec}
 17018 | D:13     | Found a snail-covered altar of Cheibriados.
 17560 | D:14     | Noticed Azrael
 17584 | D:14     | Killed Azrael
 17584 | D:14     | Received a gift from Okawaru
 17625 | D:14     | Found a gate to the Vaults.
 17892 | D:14     | Identified the +9 great mace "Besyxog" {flame, Drain rC+
                  | Int+2 Stlth+}
 17966 | D:14     | Received a gift from Okawaru
 18060 | D:14     | Noticed a tengu reaver
 18070 | D:14     | Killed a tengu reaver
 18150 | D:14     | Reached XP level 17. HP: 65/104 MP: 23/23
 18236 | D:14     | Identified the +6 mace of the Eye-covered God {heavy, rF+
                  | Str-4 Int+2 Dex+3}
 18265 | D:14     | Found the +3 pair of seven-league boots {Rampage+∞}
 18397 | D:15     | Entered Level 15 of the Dungeon
 18523 | D:15     | Noticed Jorgrun
 18567 | D:15     | Killed Jorgrun
 18568 | D:15     | Reached skill level 15 in Shields
 18609 | D:15     | Reached skill level 15 in Armour
 18614 | D:15     | Found a bloodstained altar of Trog.
 18670 | D:15     | Found a staircase to the Depths.
 18686 | D:15     | Identified the -2 kite shield "Ammasmin" {Fly} (Okawaru
                  | gifted it to you on level 15 of the Dungeon)
 18686 | D:15     | Received a gift from Okawaru
 19245 | Depths:1 | Entered Level 1 of the Depths
 19245 | Depths:1 | Found a one-way gate to the infinite horrors of the Abyss.
 19273 | Depths:1 | Found a shadowy altar of Dithmenos.
 19653 | Snake:1  | Entered Level 1 of the Snake Pit
 21138 | Snake:2  | Noticed Mlioglotl
 21156 | Snake:2  | Killed Mlioglotl
 21156 | Snake:2  | Identified the +1 pair of boots of Xykom {+Inv rCorr
                  | Stlth-} (Okawaru gifted it to you on level 2 of the Snake
                  | Pit)
 21156 | Snake:2  | Received a gift from Okawaru
 21206 | Snake:2  | Found Ijietuk Eco's General Store.
 21207 | Snake:2  | Found Jyisihei's Assorted Antiques.
 21212 | Snake:2  | Bought a scroll of teleportation for 33 gold pieces
 21547 | Snake:2  | Reached skill level 10 in Invocations
 22048 | Snake:3  | Found a burning altar of Makhleb.
 22158 | Snake:3  | Reached XP level 18. HP: 94/111 MP: 25/25
 22837 | Snake:3  | Identified the ring of Usinase {Fly rC- rN++ Will+ Slay+3}
 22887 | Snake:3  | Identified the +1 robe of the Cockatrice {rElec rPois Will-
                  | Int+5}
 22919 | Snake:4  | Entered Level 4 of the Snake Pit
 23013 | Snake:4  | Identified the +2 kite shield of Xujayrgh {rCorr} (Okawaru
                  | gifted it to you on level 4 of the Snake Pit)
 23013 | Snake:4  | Received a gift from Okawaru
 23063 | Snake:4  | Found a white marble altar of Elyvilon.
 23084 | Snake:4  | Noticed Kirke
 23086 | Snake:4  | Killed Kirke
 23206 | Snake:4  | Noticed Vashnia
 23305 | Snake:4  | Killed Vashnia
 24129 | Snake:4  | Received a gift from Okawaru
 24337 | Snake:4  | Got a serpentine rune of Zot
 24621 | Swamp:1  | Entered Level 1 of the Swamp
 24655 | Swamp:1  | Reached XP level 19. HP: 117/117 MP: 27/27
 24683 | Swamp:1  | Noticed Nikola
 24710 | Swamp:1  | Killed Nikola
 24935 | Swamp:1  | Reached skill level 10 in Evocations
 25913 | Swamp:3  | Received a gift from Okawaru
 26695 | Swamp:4  | Entered Level 4 of the Swamp
 26792 | Swamp:3  | Received a gift from Okawaru
 27281 | Swamp:4  | Identified the +5 scale mail of the Merchant {Str+5}
 27381 | Swamp:4  | Got a decaying rune of Zot
 27531 | Lair:3   | Got the Thoughts on Limned Vitiation
 27664 | Lair:5   | Reached XP level 20. HP: 116/124 MP: 28/28
 27690 | Lair:5   | Killed jimonade's ghost
 27701 | Lair:5   | Reached skill level 15 in Long Blades
 27982 | Orc:2    | Killed iguanaiguana's ghost
 28419 | Depths:1 | Found Gobliqa's Antique Weapon Boutique.
 28468 | Depths:1 | Found a gateway to Hell.
 28494 | Depths:1 | Paralysed by a floating eye for 4 turns
 28537 | Depths:1 | HP: 4/124 [stone giant (27)]
 28609 | Depths:1 | Reached skill level 10 in Dodging
 28706 | Depths:1 | Identified the +2 robe of Tiesoem {Str+3 Dex+4} (Okawaru
                  | gifted it to you on level 1 of the Depths)
 28706 | Depths:1 | Received a gift from Okawaru
 28829 | Depths:1 | You are sucked into a shaft and drop 1 floor!
 28849 | Depths:2 | Killed from afar by a frost giant

Illustrated notes

Levels and vault maps discovered:
D:1:      eino_arrival_druids_welcome, layout_loops_cross
D:2:      layout_rooms, serial_shops, nicolae_shop_behind_doors, shop,
          nicolae_shop_behind_doors, nicolae_shop_behind_doors, st_stairs_3
D:3:      layout_basic, ebering_ecumenical_altar_rust
D:4:      layout_basic, good_gods_temple_1, uniq_blork_the_orc, uniq_robin,
          uniq_crazy_yiuf_cottage, uniq_eustachio, uniq_duvessa
D:5:      layout_basic, lemuel_crystal_altar, serial_bayou,
          serial_bayou_lagoon_b, serial_bayou_pond_b, serial_bayou_shore_a,
          serial_bayou_crossing, serial_bayou_lake_a, serial_bayou_pond_e,
          serial_shops, nicolae_shop_stone, st_stairs_10, uniq_ijyb
D:6:      layout_rooms, uniq_edmund, uniq_pikel, uniq_menkaure
D:7:      layout_loops_ring, mainiacjoe_overflow_surrounded_room,
          minmay_temple_entry_hall, serial_shops, shop,
          chequers_hall_statues_corner_a, dilly_guarded_unrand_devastator,
          uniq_joseph
D:8:      layout_rooms, special_room [special_room_orc],
          dreamdust_princess_corridor, nicolae_benzene_ring,
          kennysheep_big_empty_room, kennysheep_generic_room_5,
          uniq_prince_ribbit1
D:9:      layout_basic, mainiacjoe_overflow_cross_hatched,
          grunt_lair_entry_orc_guard_hut
D:10:     layout_big_octagon, led_xom_imps, nicolae_overflow_two_pavilions,
          erik_orc_1, ebering_ghost_reflecting_pool, enter_trove_5,
          hangedman_abyss_or_decor_stagger, grunt_decor_cap, roderic_lattice_a,
          uniq_grum, uniq_sonja, uniq_josephine
D:11:     layout_loops_ring, grunt_ministairs_2,
          minmay_fractal_squares_gapless_5, uniq_erica
D:12:     layout_long_grid, serial_shops, shop, uniq_snorg, uniq_urug
D:13:     layout_gridville, slow_altar_2
D:14:     minmay_tearing_corner, layout_rooms,
          lightli_vaults_fourway_checkpoint, minmay_misc_feat_cross, uniq_azrael
D:15:     gammafunk_depths_entry_grave, layout_irregular_city,
          minmay_misc_feat_secret_circle, trog_butcher_becter, uniq_jorgrun
Temple:   compressed_dpeg_triangle_lava_temple
Lair:1:   layout_cave_pods, lemuel_fruit_fields
Lair:2:   layout_roguey, swamp_mist, minmay_snake_entry_guardpost_medium,
          minmay_shattered_shrine, grunt_megastairs_3
Lair:3:   layout_chaotic_city, minmay_lair_oklob_items, lemuel_fruit_tree,
          grunt_megastairs_4, serial_bayou_shore_b, uniq_gastronok, uniq_nessos
Lair:4:   layout_small_grid, slime_entry_1
Lair:5:   gammafunk_lair_ancient_temple, layout_misc_corridors,
          maelrawn_ghost_gauntlet_escape
Swamp:1:  layout_basic_swamp, nicolae_swamp_trees_clearing,
          infiniplex_staircase_pool, uniq_nikola
Swamp:2:  layout_falls_marsh, nicolae_swamp_feature_on_the_river_bank
Swamp:3:  layout_basic_swamp, evilmike_swamp_ruin_house_2,
          hangedman_swamp_ravenous
Swamp:4:  swamp_fiery, layout_basic_swamp
Snake:1:  layout_honeycomb
Snake:2:  layout_cave_town, serial_bayou_pond_e, minmay_shoptagon,
          grunt_megastairs_5, uniq_mlioglotl
Snake:3:  layout_misc_corridors, basic_altar, grunt_ministairs_1
Snake:4:  minmay_snake_end_coiled, layout_onion, drop_trap, grunt_ministairs_5,
          lemuel_oklob_altar, uniq_vashnia, uniq_kirke
Orc:1:    layout_diamond_mine
Orc:2:    grunt_orc_tribal_feast, layout_caves, serial_shops, shop,
          ebering_ghost_rock_garden, special_room, uniq_rupert
Depths:1: layout_long_grid, serial_shops, nicolae_shop_trees,
          rand_demon_pan_entry_4, pf_coc_iceberg, abyss_entry,
          nicolae_dithmenos_the_darkroom
Depths:2: minmay_three_patterns, layout_cave_pools, enter_ziggurat_f,
          grunt_hell_entry_dis_grunt, grunt_pan_entry_spiral,
          hellmonk_guarded_unrand_seven_league_boots

Skill      XL: |  1  2  3  4  5  6  7  8  9 10 11 12 13 14 15 16 17 18 19 20 |
---------------+-------------------------------------------------------------+-----
Long Blades    | 2 3 4 5 6 7 8 9 10 11 12 13 14 15 | 15.2
Shields        | 4 5 6 8 9 10 11 12 13 14 15 16 17 18 | 18.0
Armour         | 4 5 6 8 9 10 11 12 13 14 15 16 17 18 | 18.0
Dodging        | 1 2 3 4 5 6 7 8 9 10 | 10.0
Fighting       | 4 5 6 7 8 9 10 11 12 13 | 13.1
Evocations     | 1 2 3 4 5 6 7 8 9 10 | 10.6
Invocations    | 1 3 4 5 6 7 8 9 10 11 | 11.8

Action                     |  1- 3 |  4- 6 |  7- 9 | 10-12 | 13-15 | 16-18 | 19-21 || total
---------------------------+-------+-------+-------+-------+-------+-------+-------++-------
  Melee: Long sword        |   175 |   157 |   508 |   620 |   616 |       |       ||  2076
         Scimitar          |       |       |       |   302 |    56 |    27 |    69 ||   454
         Double sword      |       |       |       |       |   529 |  1743 |   985 ||  3257
 Invoke: Heroism           |       |       |       |     2 |     4 |    14 |     1 ||    21
         Finesse           |       |       |       |       |     2 |     2 |       ||     4
  Evoke: Wand              |       |       |       |     4 |     1 |       |       ||     5
         Tin of tremorston |       |       |       |       |       |     4 |       ||     4
    Use: Scroll            |       |     6 |     8 |     8 |    13 |     3 |     3 ||    41
         Potion            |       |     4 |     4 |       |     4 |     2 |     1 ||    15
   Stab: Confused          |       |       |       |     1 |       |       |     3 ||     4
         Petrified         |       |       |       |       |     8 |       |       ||     8
 Armour: Chain mail        |   122 |   193 |   164 |   105 |       |       |       ||   584
         Plate armour      |       |       |       |   362 |   706 |   875 |   579 ||  2522
  Dodge: Dodged            |    70 |   106 |   378 |   805 |   871 |   952 |   476 ||  3658
  Block: Buckler           |    35 |    56 |   112 |   274 |       |       |       ||   477
         Kite shield       |       |       |       |   166 |  1086 |   495 |       ||  1747
         Tower shield      |       |       |       |       |       |  1760 |  1261 ||  3021

Table legend: (Time is in decaauts)
 A = Elapsed time spent in this place.
 B = Non-inter-level travel time spent in this place.
 C = Inter-level travel time spent in this place.
 D = Time resting spent in this place.
 E = Time spent auto-exploring this place.
 F = Levels seen in this place.
 G = Mean time per level.
                   A        B        C        D        E       F      G
               +--------+--------+--------+--------+--------+-----+--------+
         Total |  29104 |  26511 |   2593 |    170 |  14888 |  33 |  881.9 |
       Dungeon |  13946 |  12428 |   1518 |     79 |   7601 |  15 |  929.7 |
        Temple |      1 |      1 |      0 |      0 |      0 |   1 |    1.0 |
          Lair |   5386 |   4737 |    649 |      0 |   2814 |   5 | 1077.2 |
         Swamp |   2853 |   2700 |    153 |     21 |   1081 |   4 |  713.2 |
     Snake Pit |   4856 |   4689 |    167 |     70 |   2489 |   4 | 1214.0 |
  Orcish Mines |   1255 |   1152 |    103 |      0 |    559 |   2 |  627.5 |
        Depths |    805 |    805 |      0 |      0 |    343 |   2 |  402.5 |
               +--------+--------+--------+--------+--------+-----+--------+

Top non-repeatable levels by time:
 Snake:4: 1495 daAuts
    D:10: 1430 daAuts
     D:5: 1395 daAuts
 Snake:2: 1307 daAuts
  Lair:2: 1227 daAuts
  Lair:4: 1181 daAuts
 Snake:1: 1166 daAuts
     D:7: 1149 daAuts
  Lair:5: 1088 daAuts
 Swamp:3: 1063 daAuts
    D:11: 1036 daAuts
    D:14: 1014 daAuts
  Lair:1: 949 daAuts
  Lair:3: 941 daAuts
     D:1: 920 daAuts
